 Dungeon Crawl Stone Soup version 0.23-a0-644-gb60d84b635 (webtiles) character file.

7737 HereIgoKillingAgain the Martial Artist (level 11, -7/81 HPs)
             Began as a Demonspawn Monk on Dec 31, 2018.
             Was a Priest of Qazlal.
             Killed from afar by a fire dragon (48 damage)
             ... with a blast of flame
             ... on level 10 of the Dungeon on Jan 1, 2019.
             The game lasted 00:14:11 (12852 turns).

HereIgoKillingAgain the Martial Artist (DsMo)      Turns: 12852, Time: 00:14:12

Health: -7/81      AC: 18    Str: 12    XL:     11   Next: 0%
Magic:  17/17      EV: 13    Int: 13    God:    Qazlal [***...]
Gold:   709        SH:  3    Dex: 21    Spells: 10/10 levels left

rFire    x . .     SeeInvis .     - Unarmed
rCold    + + .     Gourm    .   (no shield)
rNeg     . . .     Faith    .   p - +3 ice dragon scales
rPois    .         Spirit   .   (helmet restricted)
rElec    .         Reflect  .   A - +0 cloak
rCorr    .         Harm     .   (no gloves)
MR       .....                  (no boots)
Stlth    +.........             s - amulet of rage
HPRegen  0.23/turn              w - +2 ring of evasion
MPRegen  0.15/turn              a - +3 ring of protection

@: about to teleport, drained
A: horns 1, thin skeletal structure 2, demonic guardian 1, rot immunity
a: Upheaval, Elemental Force, Renounce Religion, Evoke Berserk Rage


You were on level 10 of the Dungeon.
You worshipped Qazlal.
Qazlal was most pleased with you.
You were not hungry.

You visited 2 branches of the dungeon, and saw 11 of its levels.

You collected 709 gold pieces.

Inventory:

Hand Weapons
 D - a cursed +1 long sword
Armour
 p - +3 ice dragon scales (worn)
 A - a +0 cloak (worn)
Jewellery
 a - a +3 ring of protection (right hand)
 k - an uncursed ring of ice
 l - an uncursed ring of magical power
 m - an uncursed ring of resist corrosion {unknown}
 s - an amulet of rage (around neck)
 w - a +2 ring of evasion (left hand)
Wands
 h - a wand of random effects (9)
 z - a wand of polymorph (12)
 C - a wand of acid (8)
Scrolls
 e - a scroll of fog
 g - 2 scrolls of amnesia
 o - 5 scrolls of identify
 q - 5 scrolls of remove curse
 r - a scroll of fear
 y - a scroll of blinking
Potions
 f - a potion of might {unknown}
 i - 2 potions of ambrosia
 j - a potion of mutation
 n - 3 potions of brilliance
 u - 5 potions of curing
 v - 3 potions of flight
 x - 3 potions of lignification
 F - 2 potions of haste
Comestibles
 b - 12 rations


   Skills:
 + Level 6.3(6.1) Fighting
 * Level 6.0(5.9) Long Blades
 + Level 4.5(4.4) Armour
 + Level 5.4(5.2) Dodging
 - Level 1.7(1.6) Stealth
 - Level 10.1(9.9) Unarmed Combat
 * Level 8.8(8.6) Invocations


You had 10 spell levels left.
You didn't know any spells.
Your spell library contained the following spells:

 Spells                   Type           Power        Failure   Level  Hunger
 Animate Skeleton         Necr           N/A          90%         1    ##.....
 Apportation              Tloc           #.....       90%         1    ##.....
 Confusing Touch          Hex            #.....       90%         1    ##.....
 Corona                   Hex            #......      90%         1    ##.....
 Flame Tongue             Conj/Fire      #....        90%         1    ##.....
 Summon Small Mammal      Summ           #...         90%         1    ##.....
 Ensorcelled Hibernation  Hex/Ice        #.....       97%         2    ###....
 Confuse                  Hex            #.......     99%         3    ####...
 Conjure Flame            Conj/Fire      #.......     99%         3    ####...
 Dazzling Spray           Conj/Hex       #.....       99%         3    ####...
 Gell's Gravitas          Tloc           #.........   99%         3    ####...
 Recall                   Summ/Tloc      N/A          99%         3    ####...
 Tukima's Dance           Hex            #.......     99%         3    ####...
 Petrify                  Tmut/Erth      #.......     100%        4    #####..
 Summon Lightning Spire   Summ/Air       #.......     100%        4    #####..
 Metabolic Englaciation   Hex/Ice        #.........   100%        5    ######.
 Yara's Violent Unravell  Hex/Tmut       #.........   100%        5    ######.
 Dragon's Call            Summ           #.........   100%        9    #######


Dungeon Overview and Level Annotations

Branches:
Dungeon (10/15)            Temple (1/1) D:7
   Lair: D:8-11         Orc: D:9-12

Altars:
Ashenzari
Cheibriados
Dithmenos
Elyvilon
Fedhas
Gozag
Hepliaklqana
Kikubaaqudgha
Makhleb
Nemelex Xobeh
Okawaru
Qazlal
Ru
Trog
Uskayaw
Vehumet
Wu Jian
Xom
Yredelemnul
Zin
The Shining One

Shops:
D:5 (

Annotations:
D:6 Grinder


Innate Abilities, Weirdness & Mutations

You have a pair of small horns on your head.
You have a moderately thin skeletal structure. (Dex +4, Stealth+)
A weak demonic guardian rushes to your aid.
You are immune to rotting.


Message History

The fire dragon claws you. The fire dragon closely misses you.
Your ufetubus hits the fire dragon. Your ufetubus misses the fire dragon.
Your ufetubus hits the fire dragon.
Your ufetubus hits the fire dragon but does no damage.
The hound bites your ufetubus.
Your ufetubus barely misses the fire dragon. x2
Your ufetubus hits the fire dragon.
Your ufetubus barely misses the fire dragon.
A deep elf mage comes into view.
It is wielding the +3 hand axe "Jurphaph" Your ufetubus hits the fire dragon but does no damage.
Your ufetubus barely misses the fire dragon.
The hound bites something.
The deep elf mage gestures wildly while chanting.
The deep elf mage blinks!
Your ufetubus hits the fire dragon but does no damage.
Your ufetubus closely misses the fire dragon.
The fire dragon breathes flames at you. The blast of flame hits you!
The fire burns you terribly!
Ouch! That really hurt!
You die...

#.##...##.#. #
#...###...#.
#..#....#..#..
#.#...###...#. #
#.##[..##.#.
#.#######.#.##...##.#.
#.........#....#....#.
####.#########.#####.
##...@...###.......##.
#.5D###^..#..#####..#.
#.h5.$##..#.##...##.#.
#.#5..$##.#.#.....#.#.
ยง..#$..$$#...#.....#...
...#.##.[$%###.#.....#.#.
#..(#. #$$)$##.##...##.#.
#.. #. ##$?##..##.##..#.
... ## #####.......##.


You could see a fire dragon, a hound and a friendly ufetubus.

Vanquished Creatures
  A fire dragon (D:10)
  A freezing wraith (D:10)
  A slime creature (D:7)
  A hippogriff (D:10)
  A spriggan (D:9)
  9 yaks (D:9)
  2 wyverns (D:9)
  A hungry ghost (D:7)
  2 sky beasts
  An orc warrior (Temple)
  An ice beast (D:5)
  2 centaurs (D:9)
  An ogre (D:9)
  3 big kobolds
  5 bullfrogs
  2 scorpions
  11 killer bees
  A crimson imp (D:6)
  4 hounds
  4 quasits
  5 jellies
  3 orc priests
  3 bullfrog zombies
  A centaur zombie (D:9)
  A centaur skeleton (D:6)
  6 orc wizards
  2 bullfrog skeletons
  5 iguanas
  10 worker ants
  A worker ant zombie (D:5)
  10 adders
  6 gnolls
  A shadow imp (D:9)
  A worker ant simulacrum (D:6)
  2 adder zombies
  3 adder skeletons
  11 worms
  3 dart slugs
  6 leopard geckos
  29 orcs
  5 ball pythons
  7 giant cockroaches
  8 goblins
  7 hobgoblins
  3 jackals
  19 kobolds
  4 quokkas
  9 bats
  4 frilled lizards
  A giant cockroach zombie (D:5)
  3 jackal skeletons
  2 leopard gecko skeletons
  A quokka skeleton (D:4)
  5 rats
241 creatures vanquished.

Vanquished Creatures (collateral kills)
  A deep elf mage (D:10)
  2 slime creatures (D:7)
  A hippogriff (D:7)
  2 yaks (D:9)
  Menkaure (D:5)
  A sky beast (D:5)
  An ogre (D:6)
  A howler monkey (D:7)
  A hound (D:7)
  Crazy Yiuf (D:6)
  2 gnolls
  3 adders
  A shadow imp (D:5)
  2 jackals (D:6)
  5 kobolds (D:7)
25 creatures vanquished.

Grand Total: 266 creatures vanquished

Notes
Turn   | Place    | Note
-------+----------+-------------------------------------------
     0 | D:1      | HereIgoKillingAgain the Demonspawn Monk began the quest for
                  | the Orb.
     0 | D:1      | Reached XP level 1. HP: 18/18 MP: 1/1
    55 | D:1      | Reached skill level 3 in Unarmed Combat
   349 | D:1      | Gained mutation: You are immune to rotting. [demonic
                  | ancestry]
   349 | D:1      | Reached XP level 2. HP: 23/24 MP: 2/2
  1189 | D:2      | Gained mutation: You have a pair of small horns on your
                  | head. [demonic ancestry]
  1189 | D:2      | Reached XP level 3. HP: 16/29 MP: 1/3
  1463 | D:2      | Reached skill level 4 in Unarmed Combat
  2082 | D:2      | Found a white marble altar of Elyvilon.
  2447 | D:3      | Gained mutation: A weak demonic guardian rushes to your
                  | aid. [demonic ancestry]
  2447 | D:3      | Reached XP level 4. HP: 35/35 MP: 4/4
  2811 | D:3      | Found a sacrificial altar of Ru.
  4138 | D:2      | Reached skill level 5 in Unarmed Combat
  4475 | D:2      | Found a white marble altar of Elyvilon.
  4585 | D:2      | Reached XP level 5. HP: 26/41 MP: 5/5
  5281 | D:4      | Found a bloodstained altar of Trog.
  5320 | D:4      | Reached skill level 6 in Unarmed Combat
  5328 | D:4      | Gained mutation: You have a somewhat thin skeletal
                  | structure. (Dex +2, Stealth) [demonic ancestry]
  5328 | D:4      | Reached XP level 6. HP: 40/47 MP: 6/6
  5331 | D:4      | Got a twisted robe
  5973 | D:5      | Entered Level 5 of the Dungeon
  5998 | D:5      | Noticed a sky beast
  6011 | D:5      | Killed a sky beast
  6011 | D:5      | Reached skill level 7 in Unarmed Combat
  6302 | D:5      | Reached XP level 7. HP: 39/52 MP: 7/7
  6391 | D:5      | Noticed Menkaure
  6403 | D:5      | Killed Menkaure
  6634 | D:5      | Reached skill level 8 in Unarmed Combat
  6688 | D:5      | Found Vaugh's Weapon Emporium.
  6726 | D:5      | Found a shadowy altar of Dithmenos.
  6728 | D:5      | Found a burning altar of Makhleb.
  6728 | D:5      | Found a white marble altar of Elyvilon.
  6730 | D:5      | Found a shimmering altar of Xom.
  6730 | D:5      | Found a shimmering altar of Xom.
  6730 | D:5      | Found a bloodstained altar of Trog.
  6980 | D:6      | Reached skill level 9 in Unarmed Combat
  6980 | D:6      | Gained mutation: You have a moderately thin skeletal
                  | structure. (Dex +4, Stealth+) [demonic ancestry]
  6980 | D:6      | Reached XP level 8. HP: 33/58 MP: 6/8
  7179 | D:6      | Found a runed door.
  7339 | D:6      | Found a glowing golden altar of the Shining One.
  7339 | D:6      | Found a faded altar of an unknown god.
  7347 | D:6      | Found a shattered altar of Ashenzari.
  7349 | D:6      | Found a burning altar of Makhleb.
  7350 | D:6      | Found an ancient bone altar of Kikubaaqudgha.
  7413 | D:6      | Noticed Grinder
  8078 | D:6      | Reached skill level 10 in Unarmed Combat
  8104 | D:6      | Found a glowing silver altar of Zin.
  8142 | D:6      | Noticed Crazy Yiuf
  8148 | D:6      | Paralysed by Crazy Yiuf for 6 turns
  8151 | D:6      | Killed Crazy Yiuf
  8210 | D:7      | Found a staircase to the Ecumenical Temple.
  8251 | D:7      | Reached skill level 1 in Armour
  8263 | Temple   | Entered the Ecumenical Temple
  8480 | Temple   | Became a worshipper of Qazlal Stormbringer
  8480 | Temple   | Reached * piety under Qazlal
  8480 | Temple   | Reached ** piety under Qazlal
  8622 | D:7      | Reached skill level 1 in Invocations
  8644 | D:7      | Noticed a slime creature
  8645 | D:7      | Noticed a slime creature
  8646 | D:7      | Noticed a slime creature
  8651 | D:7      | Killed a slime creature
  8651 | D:7      | Reached skill level 1 in Long Blades
  8651 | D:7      | Reached XP level 9. HP: 33/65 MP: 8/10
  9576 | D:7      | Identified the cursed +0 robe of Amelioration {SInv} (You
                  | found it on level 4 of the Dungeon)
 10234 | D:7      | Got a crude battleaxe
 10235 | D:7      | Identified the +2 battleaxe of the Distant Future {venom,
                  | SInv} (You found it on level 7 of the Dungeon)
 11141 | D:9      | Reached skill level 5 in Invocations
 11155 | D:9      | Reached skill level 5 in Fighting
 11176 | D:9      | Reached XP level 10. HP: 10/74 MP: 14/14
 11741 | D:9      | Found an ancient bone altar of Kikubaaqudgha.
 11808 | D:9      | Reached *** piety under Qazlal
 11838 | D:9      | Reached skill level 5 in Long Blades
 12259 | D:9      | Reached skill level 5 in Dodging
 12531 | D:10     | Entered Level 10 of the Dungeon
 12543 | D:10     | Noticed a fire dragon
 12562 | D:10     | Killed a fire dragon
 12604 | D:10     | Identified the Disquisition on Torrid Calling
 12734 | D:10     | Noticed a deep elf mage
 12740 | D:10     | Killed a deep elf mage
 12804 | D:10     | Reached XP level 11. HP: 69/81 MP: 17/17
 12838 | D:10     | Noticed a fire dragon
 12851 | D:10     | Identified the +3 hand axe "Jurphaph" {flame, rF+ rC+}
 12851 | D:10     | Noticed a deep elf mage
 12852 | D:10     | Killed from afar by a fire dragon

Vault maps used:
D:1:      lemuel_arrival_river_bridge
D:2:      kb_forest_paths, lemuel_blue_sif_altar, overflow_temple_1_default,
          first_ration, minmay_goblin_outpost
D:3:      chequers_serial_rivers_room_b, st_stairs_3, nicolae_ru_path_of_blood
D:4:      lightli_temple_of_fire, minmay_close_crescents
D:5:      doesnt_xom_only_xom, serial_shops, shop, minmay_misc_feat_room,
          uniq_menkaure
D:6:      chequers_temple_overflow_minitemple, zin_treasury, nzn_random_ring,
          uniq_crazy_yiuf_cottage, uniq_grinder
D:7:      minmay_temple_entry_mist, hangedman_minor_gate_pass
D:8:      kennysheep_pointless_box
D:9:      basic_altar, grunt_pizzeria
D:10:     minmay_the_grid_4x2, dpeg_oklobed_lair, enter_bailey_6, serial_shops,
          shop
Temple:   nicolae_temple_figure_eight

Skill      XL: |  1  2  3  4  5  6  7  8  9 10 |
---------------+-------------------------------+-----
Unarmed Combat | 3 4 5 6 7 9 10 | 10.1
Armour         | 1 3 4 |  4.5
Dodging        | 3 4 5 |  5.4
Fighting       | 4 5 6 |  6.3
Invocations    | 1 6 8 |  8.8
Long Blades    | 1 4 6 |  6.0
Stealth        | |  1.7

Action                   |  1- 3 |  4- 6 |  7- 9 | 10-12 || total
-------------------------+-------+-------+-------+-------++-------
Melee: Unarmed           |   139 |   281 |   393 |   217 ||  1030
       Punch             |     1 |     2 |    16 |    15 ||    34
       Headbutt          |    12 |    56 |    81 |    35 ||   184
Invok: Upheaval          |       |       |     1 |     3 ||     4
Evoke: Wand              |       |       |     1 |       ||     1
  Use: Potion            |     3 |       |     1 |     5 ||     9
       Scroll            |       |     6 |    17 |     1 ||    24
 Stab: Sleeping          |     5 |     3 |       |       ||     8
       Distracted        |       |       |     4 |       ||     4
       Invisible         |       |       |       |     4 ||     4
  Eat: Chunk             |     5 |     7 |     9 |     2 ||    23
       Ration            |       |     2 |     2 |     1 ||     5
Armor: Robe              |    29 |    10 |       |       ||    39
       Ice dragon scales |       |    79 |   185 |   105 ||   369
Dodge: Dodged            |   111 |   132 |   184 |   132 ||   559
Block: Other             |       |       |    13 |    37 ||    50

Table legend:
 A = Non-vault XP
 B = Vault XP
 C = Vault XP percentage of total XP
 D = Non-vault monster count
 E = Vault monster count
 F = Vault count percentage of total count
                 A         B        C        D         E       F
            +---------+---------+-------+---------+---------+-------
      Total |    8001 |    3053 |  27.6 |     229 |      37 |  13.9
            +---------+---------+-------+---------+---------+-------
        D:1 |      26 |       0 |   0.0 |      14 |       0 |   0.0
        D:2 |      99 |      29 |  22.7 |      31 |       8 |  20.5
        D:3 |      39 |       8 |  17.0 |      14 |       3 |  17.6
        D:4 |     231 |      83 |  26.4 |      22 |       3 |  12.0
        D:5 |     547 |     176 |  24.3 |      22 |       2 |   8.3
        D:6 |     544 |     352 |  39.3 |      21 |      11 |  34.4
        D:7 |    1487 |      61 |   3.9 |      27 |       4 |  12.9
        D:8 |     442 |       0 |   0.0 |      11 |       0 |   0.0
        D:9 |    4241 |     180 |   4.1 |      58 |       1 |   1.7
       D:10 |     204 |    2164 |  91.4 |       8 |       5 |  38.5
     Temple |     141 |       0 |   0.0 |       1 |       0 |   0.0
            +---------+---------+-------+---------+---------+-------
